[ AOE2 MATCH · #487518886 ]
UnrankedMapuche vs Italians
[ REPLAY ANALYSIS · EXTRACTED FROM THE RECORDED GAME ]
Feudal
—
Castle
—
Imperial
—
| APM avg | 0.6 |
| APM peak | 21 |
| eAPM avg | 0.1 |
| Villagers / military | 0 / 0 |
Focus
⚔️ 0.0% · 🌾 100.0%
Feudal
—
Castle
—
Imperial
—
| APM avg | 0.7 |
| APM peak | 26 |
| eAPM avg | 0.1 |
| Villagers / military | 0 / 0 |
Focus
⚔️ 0.0% · 🌾 100.0%
Feudal
—
Castle
—
Imperial
—
| APM avg | 0.2 |
| APM peak | 7 |
| eAPM avg | 0.0 |
| Villagers / military | 0 / 0 |
Feudal
16:19
Castle
20:55
Imperial
—
| APM avg | 20.8 |
| APM peak | 59 |
| eAPM avg | 10.2 |
| Villagers / military | 122 / 7 |
Focus
⚔️ 21.8% · 🌾 78.2%
Knight ×5 · Spearman ×2
Feudal
14:20
Castle
19:43
Imperial
43:11
| APM avg | 64.7 |
| APM peak | 112 |
| eAPM avg | 29.0 |
| Villagers / military | 142 / 344 |
Focus
⚔️ 35.1% · 🌾 64.9%
Knight ×196 · Throwing Axeman ×128 · Trebuchet (Packed) ×11 · Mangonel ×5 · Scout Cavalry ×3 · Battering Ram ×1
Feudal
16:24
Castle
20:08
Imperial
35:46
| APM avg | 22.8 |
| APM peak | 41 |
| eAPM avg | 16.1 |
| Villagers / military | 219 / 797 |
Focus
⚔️ 36.6% · 🌾 63.4%
Spearman ×409 · Longbowman ×288 · Militia ×84 · Trebuchet (Packed) ×12 · Scout Cavalry ×3 · Monk ×1
Feudal
14:17
Castle
19:02
Imperial
32:45
| APM avg | 53.1 |
| APM peak | 99 |
| eAPM avg | 31.6 |
| Villagers / military | 304 / 492 |
Focus
⚔️ 43.1% · 🌾 56.9%
Skirmisher ×111 · Knight ×108 · Scout Cavalry ×84 · Camel Scout ×61 · Hand Cannoneer ×48 · Battering Ram ×37
Feudal
—
Castle
—
Imperial
—
| APM avg | 0.8 |
| APM peak | 49 |
| eAPM avg | 0.1 |
| Villagers / military | 0 / 0 |
Focus
⚔️ 0.0% · 🌾 100.0%
Match map
Initial resources + every placement click. Lines = walls · curves = elevation contours. ◆ gold · ⬟ stone · ● berries · ✦ relic · ◌ wall gap
Your base· Open — unwalled flank
BilluBoss's base· Open — unwalled flank
mog's base· Open — unwalled flank
王老吉字花檔's base· Open — unwalled flank
A Bá's base· Open — unwalled flank
香港招商局陳局長's base· Open — unwalled flank
demon's base· Open — unwalled flank
晓醒之后's base· Open — unwalled flank
Smoothed initial terrain · ◌ = detected wall gap · hover for details
Inputs per minute
— 铁证如山王洪文 - - BilluBoss
Build order — 铁证如山王洪文
2 actions detected in the replay
| 0:34 | Build | Settlement |
| 1:40 | Build | Town Center |
Build order — BilluBoss
1 actions detected in the replay
| 0:10 | Build | Town Center |
Build order — mog
0 actions detected in the replay
Build order — 王老吉字花檔
First 150 of 205 actions detected
| 0:27 | Build | Town Center |
| 1:26 | Build | House |
| 2:44 | Build | House |
| 3:40 | Create | Villager (Male) |
| 3:41 | Create | Villager (Male) |
| 3:41 | Create | Villager (Male) |
| 3:41 | Create | Villager (Male) |
| 3:41 | Create | Villager (Male) |
| 4:12 | Create | Villager (Male) |
| 4:49 | Create | Villager (Male) |
| 5:32 | Build | House |
| 5:47 | Create | Villager (Male) |
| 5:47 | Create | Villager (Male) |
| 5:48 | Create | Villager (Male) |
| 6:11 | Build | Lumber Camp |
| 7:01 | Create | Villager (Male) |
| 7:02 | Create | Villager (Male) |
| 7:28 | Create | Villager (Male) |
| 7:35 | Build | House |
| 8:22 | Research | Loom |
| 8:44 | Create | Villager (Male) |
| 8:44 | Create | Villager (Male) |
| 8:44 | Create | Villager (Male) |
| 8:44 | Create | Villager (Male) |
| 9:16 | Create | Villager (Male) |
| 9:16 | Create | Villager (Male) |
| 9:19 | Create | Villager (Male) |
| 9:19 | Create | Villager (Male) |
| 9:46 | Create | Villager (Male) |
| 9:46 | Create | Villager (Male) |
| 9:46 | Create | Villager (Male) |
| 9:56 | Build | House |
| 10:01 | Build | House |
| 10:07 | Build | House |
| 11:05 | Create | Villager (Male) |
| 11:06 | Create | Villager (Male) |
| 11:09 | Build | House |
| 11:13 | Build | Lumber Camp |
| 12:11 | Build | House |
| 12:29 | Create | Villager (Male) |
| 12:49 | Create | Villager (Male) |
| 12:49 | Create | Villager (Male) |
| 13:30 | Create | Villager (Male) |
| 13:35 | Build | Mill |
| 13:52 | Build | House |
| 14:05 | Research | Feudal Age |
| 14:07 | Build | Mining Camp |
| 14:39 | Build | House |
| 15:07 | Build | Barracks |
| 15:23 | Build | House |
| 15:38 | Build | House |
| 16:19 | Age | Feudal Age |
| 16:27 | Build | Market |
| 16:33 | Create | Villager (Male) |
| 16:33 | Create | Villager (Male) |
| 17:01 | Create | Villager (Male) |
| 17:17 | Build | Blacksmith |
| 17:29 | Build | Blacksmith |
| 17:34 | Create | Villager (Male) |
| 17:52 | Build | Stone Wall |
| 17:56 | Build | Gate |
| 18:11 | Research | Double-Bit Axe |
| 18:15 | Research | Castle Age |
| 19:09 | Build | Mining Camp |
| 19:32 | Build | Stable |
| 19:58 | Research | Bloodlines |
| 20:01 | Research | Scale Barding Armor |
| 20:10 | Build | Stable |
| 20:54 | Create | Villager (Male) ×4 |
| 20:55 | Age | Castle Age |
| 21:38 | Create | Knight |
| 21:45 | Create | Knight |
| 21:59 | Build | Stone Wall |
| 22:11 | Build | Stone Wall |
| 22:36 | Create | Villager (Male) |
| 23:09 | Create | Knight |
| 23:09 | Create | Knight |
| 23:10 | Create | Knight |
| 23:25 | Create | Villager (Male) |
| 23:25 | Create | Villager (Male) |
| 23:54 | Create | Villager (Male) |
| 24:39 | Create | Spearman |
| 24:39 | Create | Spearman |
| 25:21 | Build | Town Center |
| 25:30 | Build | Outpost |
| 27:16 | Build | Castle |
| 27:27 | Build | Mining Camp |
| 29:11 | Build | Palisade Gate |
| 29:28 | Build | Palisade Gate |
| 30:17 | Build | Lumber Camp |
| 32:31 | Build | Town Center |
| 34:33 | Create | Villager (Male) |
| 34:33 | Create | Villager (Male) |
| 34:33 | Create | Villager (Male) |
| 35:09 | Create | Villager (Male) |
| 35:09 | Create | Villager (Male) |
| 35:09 | Create | Villager (Male) |
| 35:53 | Build | Castle |
| 36:01 | Create | Villager (Male) |
| 36:02 | Create | Villager (Male) |
| 36:02 | Create | Villager (Male) |
| 36:14 | Build | Mining Camp |
| 36:51 | Build | Mining Camp |
| 37:09 | Build | Farm |
| 37:13 | Build | Farm |
| 38:14 | Create | Villager (Male) |
| 38:40 | Build | Farm |
| 38:40 | Build | Farm |
| 38:55 | Build | Stone Wall |
| 43:00 | Build | Lumber Camp |
| 47:10 | Build | Market |
| 50:27 | Build | Town Center |
| 50:44 | Build | Town Center |
| 53:54 | Create | Villager (Male) |
| 53:54 | Create | Villager (Male) |
| 53:56 | Create | Villager (Male) |
| 53:56 | Create | Villager (Male) |
| 53:58 | Create | Villager (Male) |
| 54:01 | Build | Farm |
| 54:07 | Build | Farm |
| 54:17 | Create | Villager (Male) |
| 54:17 | Create | Villager (Male) |
| 54:18 | Create | Villager (Male) |
| 54:18 | Create | Villager (Male) |
| 54:27 | Build | Farm |
| 54:33 | Build | Farm |
| 55:20 | Create | Villager (Male) |
| 55:47 | Build | Farm |
| 55:47 | Build | Farm |
| 55:47 | Build | Farm |
| 55:51 | Build | Farm |
| 55:51 | Build | Farm |
| 55:51 | Build | Farm |
| 55:57 | Create | Villager (Male) |
| 55:57 | Create | Villager (Male) |
| 56:11 | Build | House |
| 56:11 | Build | House |
| 56:12 | Build | House |
| 56:33 | Create | Villager (Male) |
| 56:37 | Build | Farm |
| 56:37 | Build | Farm |
| 57:01 | Create | Villager (Male) ×2 |
| 57:16 | Build | House |
| 57:17 | Build | House |
| 57:25 | Create | Villager (Male) |
| 57:52 | Build | Stone Wall |
| 58:12 | Build | House |
| 58:17 | Build | House |
| 58:38 | Create | Villager (Male) |
| 58:38 | Create | Villager (Male) |
Build order — A Bá
First 150 of 685 actions detected
| 0:02 | Build | House |
| 0:44 | Build | Town Center |
| 1:10 | Build | Palisade Wall |
| 1:12 | Build | Palisade Wall |
| 1:16 | Build | Palisade Wall |
| 1:20 | Build | Palisade Wall |
| 1:22 | Build | Palisade Wall |
| 3:05 | Create | Villager (Male) |
| 3:05 | Create | Villager (Male) |
| 3:06 | Create | Villager (Male) |
| 3:06 | Create | Villager (Male) |
| 3:06 | Create | Villager (Male) |
| 3:43 | Build | Outpost |
| 4:09 | Research | Loom |
| 4:14 | Build | House |
| 4:52 | Create | Villager (Male) |
| 4:53 | Create | Villager (Male) |
| 5:34 | Create | Villager (Male) |
| 5:35 | Create | Villager (Male) |
| 6:35 | Create | Villager (Male) |
| 6:35 | Create | Villager (Male) |
| 6:35 | Create | Villager (Male) |
| 6:50 | Build | Mill |
| 6:55 | Create | Villager (Male) |
| 6:58 | Build | House |
| 7:07 | Build | House |
| 7:38 | Create | Villager (Male) |
| 7:38 | Create | Villager (Male) |
| 7:38 | Create | Villager (Male) |
| 7:39 | Create | Villager (Male) |
| 8:04 | Build | House |
| 8:49 | Create | Villager (Male) |
| 9:01 | Create | Villager (Male) |
| 9:01 | Create | Villager (Male) |
| 9:01 | Create | Villager (Male) |
| 9:02 | Create | Villager (Male) |
| 9:14 | Build | House |
| 9:17 | Create | Villager (Male) |
| 9:19 | Build | House |
| 9:40 | Create | Villager (Male) |
| 9:41 | Create | Villager (Male) |
| 10:25 | Build | Lumber Camp |
| 10:30 | Build | Lumber Camp |
| 10:59 | Build | House |
| 11:01 | Create | Villager (Male) |
| 11:01 | Create | Villager (Male) |
| 11:02 | Create | Villager (Male) |
| 11:02 | Create | Villager (Male) |
| 11:02 | Create | Villager (Male) |
| 11:02 | Create | Villager (Male) |
| 11:11 | Create | Villager (Male) |
| 11:11 | Create | Villager (Male) |
| 11:31 | Create | Villager (Male) |
| 11:56 | Build | Mill |
| 12:10 | Research | Feudal Age |
| 12:10 | Research | Feudal Age |
| 12:45 | Build | Palisade Wall |
| 12:49 | Build | Palisade Wall |
| 13:23 | Build | Barracks |
| 14:19 | Create | Villager (Male) |
| 14:20 | Age | Feudal Age |
| 14:23 | Create | Villager (Male) |
| 14:41 | Build | Stable |
| 14:55 | Create | Villager (Male) |
| 15:32 | Create | Villager (Male) |
| 16:12 | Build | Blacksmith |
| 16:14 | Create | Villager (Male) |
| 16:32 | Build | Mining Camp |
| 17:03 | Research | Castle Age |
| 17:03 | Research | Castle Age |
| 17:14 | Build | Farm |
| 17:26 | Build | Farm |
| 17:32 | Build | Farm |
| 17:54 | Create | Scout Cavalry |
| 18:02 | Research | Double-Bit Axe |
| 18:34 | Create | Scout Cavalry |
| 19:21 | Create | Villager (Male) |
| 19:22 | Create | Villager (Male) |
| 19:22 | Create | Villager (Male) |
| 19:33 | Create | Villager (Male) |
| 19:37 | Create | Villager (Male) |
| 19:43 | Age | Castle Age |
| 19:45 | Create | Knight |
| 20:06 | Create | Villager (Male) |
| 20:22 | Build | Siege Workshop |
| 20:25 | Create | Villager (Male) |
| 20:41 | Build | Town Center |
| 20:46 | Build | Farm |
| 20:52 | Build | Farm |
| 21:05 | Create | Knight |
| 21:35 | Create | Knight |
| 22:02 | Create | Villager (Male) |
| 22:11 | Create | Mangonel |
| 22:31 | Create | Villager (Male) |
| 22:36 | Build | Farm |
| 22:38 | Build | Farm |
| 22:53 | Create | Knight |
| 23:06 | Create | Villager (Male) |
| 23:11 | Build | Farm |
| 23:13 | Build | Farm |
| 23:32 | Create | Knight |
| 23:35 | Build | Farm |
| 24:27 | Create | Villager (Male) |
| 24:29 | Create | Knight |
| 24:55 | Create | Knight |
| 24:59 | Build | Stable |
| 25:00 | Create | Villager (Male) |
| 25:03 | Create | Villager (Male) |
| 25:17 | Create | Villager (Male) |
| 25:20 | Create | Villager (Male) |
| 25:33 | Build | Castle |
| 25:59 | Create | Villager (Male) |
| 26:00 | Create | Villager (Male) |
| 26:03 | Create | Knight |
| 26:04 | Create | Knight |
| 26:04 | Create | Knight |
| 26:12 | Create | Villager (Male) |
| 26:16 | Build | Farm |
| 26:51 | Create | Mangonel |
| 26:55 | Create | Knight |
| 26:55 | Create | Knight |
| 26:56 | Create | Knight |
| 26:59 | Build | Farm |
| 26:59 | Create | Villager (Male) |
| 27:15 | Build | Mining Camp |
| 27:26 | Research | Gold Mining |
| 27:35 | Create | Villager (Male) |
| 27:49 | Create | Villager (Male) |
| 28:08 | Create | Battering Ram |
| 28:13 | Create | Mangonel |
| 28:14 | Create | Villager (Male) |
| 28:16 | Create | Villager (Male) |
| 28:24 | Build | Farm |
| 28:30 | Create | Villager (Male) |
| 28:50 | Create | Scout Cavalry |
| 28:53 | Create | Knight |
| 28:54 | Create | Villager (Male) |
| 28:57 | Create | Villager (Male) |
| 29:25 | Create | Knight |
| 29:26 | Create | Knight |
| 29:52 | Build | Town Center |
| 30:07 | Create | Villager (Male) |
| 30:08 | Create | Villager (Male) |
| 30:15 | Create | Villager (Male) |
| 30:16 | Create | Villager (Male) |
| 30:25 | Create | Mangonel |
| 30:26 | Create | Villager (Male) |
| 30:34 | Research | Wheelbarrow |
| 30:40 | Create | Knight |
| 30:41 | Create | Knight |
Build order — 香港招商局陳局長
First 150 of 483 actions detected
| 0:47 | Build | Town Center |
| 1:28 | Build | House |
| 2:21 | Build | House |
| 2:22 | Build | House |
| 2:26 | Build | House |
| 3:04 | Create | Villager (Male) ×4 |
| 3:12 | Research | Loom |
| 3:13 | Create | Villager (Male) ×3 |
| 4:14 | Create | Villager (Male) |
| 4:37 | Build | Lumber Camp |
| 4:41 | Build | Lumber Camp |
| 5:15 | Create | Villager (Male) ×2 |
| 6:04 | Create | Villager (Male) ×2 |
| 6:52 | Create | Villager (Male) ×3 |
| 7:32 | Create | Villager (Male) |
| 7:52 | Create | Villager (Male) |
| 8:23 | Build | Mill |
| 8:41 | Create | Villager (Male) |
| 8:43 | Create | Villager (Male) |
| 9:10 | Create | Villager (Male) |
| 9:18 | Build | House |
| 9:19 | Build | House |
| 9:21 | Build | House |
| 9:54 | Create | Villager (Male) |
| 9:54 | Create | Villager (Male) |
| 10:10 | Create | Villager (Male) ×3 |
| 10:41 | Create | Villager (Male) |
| 11:27 | Create | Villager (Male) |
| 11:27 | Create | Villager (Male) |
| 11:28 | Create | Villager (Male) |
| 11:48 | Build | Mining Camp |
| 13:05 | Research | Feudal Age |
| 13:39 | Build | Mining Camp |
| 15:33 | Create | Villager (Male) |
| 15:33 | Create | Villager (Male) |
| 16:11 | Build | House |
| 16:22 | Build | House |
| 16:24 | Age | Feudal Age |
| 16:32 | Build | Market |
| 16:35 | Build | Blacksmith |
| 16:53 | Research | Double-Bit Axe |
| 17:28 | Research | Castle Age |
| 17:30 | Build | House |
| 17:56 | Build | House |
| 18:08 | Build | House |
| 18:31 | Build | House |
| 19:25 | Research | Wheelbarrow |
| 20:08 | Age | Castle Age |
| 20:10 | Build | Castle |
| 20:16 | Build | Town Center |
| 20:18 | Research | Bow Saw |
| 20:21 | Research | Horse Collar |
| 20:23 | Research | Stone Mining |
| 20:24 | Research | Gold Mining |
| 21:05 | Build | Stone Wall |
| 21:08 | Build | Stone Wall |
| 21:11 | Create | Villager (Male) |
| 21:11 | Create | Villager (Male) |
| 21:20 | Build | Town Center |
| 21:41 | Build | Farm |
| 21:51 | Create | Villager (Male) ×4 |
| 22:04 | Build | Farm |
| 22:11 | Create | Villager (Male) |
| 22:44 | Create | Villager (Male) |
| 22:44 | Create | Villager (Male) |
| 22:47 | Build | Farm |
| 22:58 | Build | Town Center |
| 23:01 | Create | Villager (Male) |
| 23:02 | Create | Villager (Male) |
| 23:14 | Create | Villager (Male) ×2 |
| 23:23 | Create | Villager (Male) |
| 23:26 | Build | Farm |
| 23:30 | Create | Villager (Male) |
| 23:36 | Build | Gate |
| 23:42 | Create | Villager (Male) |
| 23:45 | Build | Farm |
| 23:45 | Build | Farm |
| 23:59 | Build | Stone Wall |
| 24:06 | Build | Stone Wall |
| 24:11 | Create | Villager (Male) ×3 |
| 24:15 | Build | Farm |
| 24:17 | Build | Farm |
| 24:18 | Build | Farm |
| 24:21 | Create | Villager (Male) |
| 24:30 | Create | Villager (Male) |
| 24:33 | Build | Farm |
| 24:33 | Build | Farm |
| 24:33 | Build | Farm |
| 24:34 | Build | Farm |
| 24:34 | Build | Farm |
| 24:34 | Build | Farm |
| 24:38 | Build | Farm |
| 24:40 | Build | Farm |
| 24:42 | Create | Villager (Male) |
| 24:47 | Build | Stone Wall |
| 24:49 | Create | Villager (Male) ×2 |
| 24:54 | Build | Farm |
| 24:57 | Create | Villager (Male) |
| 24:59 | Build | Farm |
| 25:07 | Build | Mining Camp |
| 25:17 | Build | Town Center |
| 25:22 | Create | Villager (Male) ×3 |
| 25:36 | Build | Gate |
| 25:38 | Build | Stone Wall |
| 25:43 | Create | Villager (Male) ×5 |
| 25:56 | Build | Farm |
| 25:58 | Build | Farm |
| 25:59 | Build | Farm |
| 26:00 | Create | Villager (Male) ×5 |
| 26:03 | Create | Villager (Male) |
| 26:07 | Build | Lumber Camp |
| 26:13 | Build | Farm |
| 26:14 | Build | Farm |
| 26:16 | Build | Farm |
| 26:23 | Build | Stone Wall |
| 26:32 | Build | Monastery |
| 26:33 | Create | Villager (Male) ×5 |
| 26:40 | Build | Farm |
| 26:46 | Create | Villager (Male) ×2 |
| 26:57 | Build | House |
| 26:58 | Build | House |
| 27:03 | Create | Villager (Male) ×5 |
| 27:08 | Build | House |
| 27:09 | Build | House |
| 27:09 | Build | House |
| 27:10 | Build | House |
| 27:16 | Build | House |
| 27:16 | Build | House |
| 27:18 | Build | House |
| 27:19 | Build | House |
| 27:21 | Create | Villager (Male) ×5 |
| 27:28 | Build | Farm |
| 27:32 | Research | Gold Shaft Mining |
| 27:37 | Create | Villager (Male) ×2 |
| 27:48 | Create | Villager (Male) |
| 27:50 | Create | Villager (Male) |
| 27:59 | Create | Monk |
| 28:04 | Build | House |
| 28:05 | Build | House |
| 28:07 | Build | House |
| 28:10 | Create | Villager (Male) ×5 |
| 28:18 | Research | Heavy Plow |
| 28:23 | Create | Villager (Male) |
| 28:32 | Create | Villager (Male) |
| 28:35 | Build | Barracks |
| 28:37 | Create | Villager (Male) |
| 28:44 | Create | Villager (Male) ×5 |
| 28:58 | Build | Town Center |
| 29:03 | Create | Villager (Male) ×4 |
| 29:06 | Build | Stone Wall |
Build order — demon
First 150 of 1171 actions detected
| 0:12 | Build | Town Center |
| 0:27 | Build | House |
| 2:32 | Create | Villager (Male) |
| 2:32 | Create | Villager (Male) |
| 2:32 | Create | Villager (Male) |
| 2:33 | Create | Villager (Male) |
| 2:33 | Create | Villager (Male) |
| 3:27 | Create | Villager (Male) |
| 3:27 | Create | Villager (Male) |
| 3:51 | Create | Villager (Male) |
| 3:51 | Create | Villager (Male) |
| 4:16 | Build | House |
| 4:23 | Create | Villager (Male) |
| 4:24 | Create | Villager (Male) |
| 4:41 | Create | Villager (Male) |
| 4:41 | Create | Villager (Male) |
| 4:52 | Build | House |
| 5:03 | Create | Villager (Male) |
| 5:04 | Create | Villager (Male) |
| 5:37 | Build | Lumber Camp |
| 5:49 | Research | Loom |
| 5:50 | Research | Loom |
| 5:50 | Research | Loom |
| 6:17 | Create | Villager (Male) |
| 6:17 | Create | Villager (Male) |
| 6:18 | Create | Villager (Male) |
| 6:18 | Create | Villager (Male) |
| 6:24 | Create | Villager (Male) |
| 6:24 | Create | Villager (Male) |
| 7:35 | Create | Villager (Male) |
| 7:35 | Create | Villager (Male) |
| 7:49 | Build | Mill |
| 8:01 | Create | Villager (Male) |
| 8:01 | Create | Villager (Male) |
| 8:01 | Create | Villager (Male) |
| 8:02 | Create | Villager (Male) |
| 8:06 | Create | Villager (Male) |
| 8:06 | Create | Villager (Male) |
| 9:15 | Build | House |
| 9:21 | Create | Villager (Male) |
| 9:25 | Build | Mill |
| 9:46 | Build | House |
| 10:10 | Create | Villager (Male) |
| 10:10 | Create | Villager (Male) |
| 11:23 | Create | Villager (Male) |
| 11:24 | Create | Villager (Male) |
| 11:46 | Research | Feudal Age |
| 11:47 | Research | Feudal Age |
| 11:47 | Research | Feudal Age |
| 11:50 | Build | Mining Camp |
| 12:22 | Build | House |
| 13:10 | Build | Barracks |
| 13:14 | Build | House |
| 13:38 | Create | Villager (Male) |
| 13:39 | Create | Villager (Male) |
| 13:48 | Build | House |
| 14:12 | Build | Palisade Wall |
| 14:17 | Age | Feudal Age |
| 14:30 | Build | Stable |
| 14:41 | Research | Double-Bit Axe |
| 14:41 | Research | Double-Bit Axe |
| 14:44 | Create | Villager (Male) |
| 14:44 | Create | Villager (Male) |
| 14:44 | Create | Villager (Male) |
| 14:56 | Build | Blacksmith |
| 15:32 | Build | House |
| 15:34 | Build | Palisade Wall |
| 15:38 | Create | Scout Cavalry |
| 15:51 | Build | Palisade Gate |
| 15:54 | Build | Palisade Wall |
| 15:57 | Build | Palisade Wall |
| 16:07 | Build | Palisade Gate |
| 16:10 | Build | House |
| 16:14 | Research | Castle Age |
| 16:14 | Research | Castle Age |
| 16:28 | Research | Horse Collar |
| 16:28 | Research | Horse Collar |
| 16:28 | Research | Horse Collar |
| 16:31 | Research | Gold Mining |
| 16:32 | Research | Gold Mining |
| 16:32 | Research | Gold Mining |
| 17:30 | Build | Mill |
| 17:44 | Create | Villager (Male) |
| 17:52 | Build | House |
| 17:53 | Build | House |
| 18:22 | Research | Horse Collar |
| 18:23 | Research | Horse Collar |
| 18:23 | Research | Horse Collar |
| 18:32 | Research | Bloodlines |
| 18:32 | Research | Bloodlines |
| 18:35 | Research | Scale Barding Armor |
| 18:35 | Research | Scale Barding Armor |
| 19:02 | Age | Castle Age |
| 19:12 | Build | Town Center |
| 19:15 | Research | Bow Saw |
| 19:16 | Research | Bow Saw |
| 19:16 | Research | Bow Saw |
| 19:18 | Create | Villager (Male) |
| 19:18 | Create | Villager (Male) |
| 19:19 | Create | Villager (Male) |
| 19:29 | Create | Villager (Male) |
| 19:30 | Create | Villager (Male) |
| 20:04 | Build | Market |
| 20:05 | Build | House |
| 20:24 | Research | Wheelbarrow |
| 20:25 | Research | Wheelbarrow |
| 20:25 | Research | Wheelbarrow |
| 20:43 | Create | Villager (Male) |
| 21:10 | Research | Heavy Plow |
| 21:10 | Research | Heavy Plow |
| 21:14 | Create | Villager (Male) |
| 21:14 | Create | Villager (Male) |
| 21:25 | Build | Town Center |
| 21:34 | Research | Town Watch |
| 21:34 | Research | Town Watch |
| 21:59 | Create | Villager (Male) |
| 21:59 | Create | Villager (Male) |
| 22:03 | Build | Town Center |
| 22:15 | Create | Villager (Male) |
| 22:15 | Create | Villager (Male) |
| 22:15 | Create | Villager (Male) |
| 22:15 | Create | Villager (Male) |
| 22:16 | Create | Villager (Male) |
| 22:16 | Create | Villager (Male) |
| 22:16 | Create | Villager (Male) |
| 22:16 | Create | Villager (Male) |
| 22:17 | Create | Villager (Male) |
| 22:31 | Build | Farm |
| 22:33 | Build | Farm |
| 22:53 | Create | Villager (Male) |
| 22:53 | Create | Villager (Male) |
| 23:06 | Build | Mill |
| 23:08 | Create | Villager (Male) |
| 23:08 | Create | Villager (Male) |
| 23:09 | Create | Villager (Male) |
| 23:09 | Create | Villager (Male) |
| 23:09 | Create | Villager (Male) |
| 23:10 | Create | Villager (Male) |
| 23:20 | Build | Farm |
| 23:37 | Create | Villager (Male) |
| 23:37 | Create | Villager (Male) |
| 23:37 | Create | Villager (Male) |
| 23:45 | Build | Farm |
| 23:54 | Create | Villager (Male) |
| 24:02 | Build | Mining Camp |
| 24:05 | Create | Villager (Male) |
| 24:05 | Create | Villager (Male) |
| 24:05 | Create | Villager (Male) |
| 24:21 | Research | Hand Cart |
| 24:22 | Research | Hand Cart |
Build order — 晓醒之后
1 actions detected in the replay
| 0:21 | Build | Town Center |
Match timeline
| 1:10 | A Bá · wall_segment Palisade Wall x1 |
| 1:12 | A Bá · wall_segment Palisade Wall x1 |
| 1:16 | A Bá · wall_segment Palisade Wall x1 |
| 1:19 | mog · resign |
| 1:20 | A Bá · wall_segment Palisade Wall x1 |
| 1:22 | A Bá · wall_segment Palisade Wall x1 |
| 12:45 | A Bá · wall_segment Palisade Wall x5 |
| 12:49 | A Bá · wall_segment Palisade Wall x4 |
| 13:10 | demon · first_building Barracks |
| 13:23 | A Bá · first_building Barracks |
| 14:12 | demon · wall_segment Palisade Wall x3 |
| 14:17 | demon · age_up feudal |
| 14:20 | A Bá · age_up feudal |
| 14:30 | demon · first_building Stable |
| 14:41 | A Bá · first_building Stable |
| 15:07 | 王老吉字花檔 · first_building Barracks |
| 15:34 | demon · wall_segment Palisade Wall x1 |
| 15:54 | demon · wall_segment Palisade Wall x2 |
| 15:57 | demon · wall_segment Palisade Wall x9 |
| 16:19 | 王老吉字花檔 · age_up feudal |
| 16:24 | 香港招商局陳局長 · age_up feudal |
| 17:52 | 王老吉字花檔 · wall_segment Stone Wall x5 |
| 19:02 | demon · age_up castle |
| 19:32 | 王老吉字花檔 · first_building Stable |
| 19:43 | A Bá · age_up castle |
| 20:08 | 香港招商局陳局長 · age_up castle |
| 20:10 | 香港招商局陳局長 · first_building Castle |
| 20:22 | A Bá · first_building Siege Workshop |
| 20:51 | 王老吉字花檔 · first_market_sell 500 wood |
| 20:53 | 王老吉字花檔 · first_market_buy 100 food |
| 20:55 | 王老吉字花檔 · age_up castle |
| 21:05 | 香港招商局陳局長 · wall_segment Stone Wall x6 |
| 21:08 | 香港招商局陳局長 · wall_segment Stone Wall x26 |
| 21:17 | 香港招商局陳局長 · first_market_buy 100 stone |
| 21:19 | demon · first_market_buy 100 wood |
| 21:59 | 王老吉字花檔 · wall_segment Stone Wall x1 |
| 22:11 | 王老吉字花檔 · wall_segment Stone Wall x1 |
| 23:59 | 香港招商局陳局長 · wall_segment Stone Wall x27 |
| 24:06 | 香港招商局陳局長 · wall_segment Stone Wall x16 |
| 24:47 | 香港招商局陳局長 · wall_segment Stone Wall x1 |
| 25:33 | A Bá · first_building Castle |
| 25:38 | 香港招商局陳局長 · wall_segment Stone Wall x5 |
| 26:23 | 香港招商局陳局長 · wall_segment Stone Wall x4 |
| 26:32 | 香港招商局陳局長 · first_building Monastery |
| 27:16 | 王老吉字花檔 · first_building Castle |
| 28:20 | demon · first_building Monastery |
| 28:35 | 香港招商局陳局長 · first_building Barracks |
| 29:06 | 香港招商局陳局長 · wall_segment Stone Wall x1 |
| 29:44 | 香港招商局陳局長 · first_building Stable |
| 32:19 | demon · first_building Castle |
| 32:45 | demon · age_up imperial |
| 35:46 | 香港招商局陳局長 · age_up imperial |
| 38:49 | demon · first_building Siege Workshop |
| 38:55 | 王老吉字花檔 · wall_segment Stone Wall x9 |
| 39:43 | A Bá · first_building Monastery |
| 42:05 | demon · first_building Archery Range |
| 43:11 | A Bá · age_up imperial |
| 44:41 | A Bá · tribute_sent a jugador 1 |
| 44:41 | A Bá · tribute_sent a jugador 2 |
| 44:41 | A Bá · tribute_sent a jugador 3 |
| 44:41 | A Bá · tribute_sent a jugador 4 |
| 44:41 | A Bá · tribute_sent a jugador 6 |
| 44:41 | A Bá · tribute_sent a jugador 7 |
| 44:41 | A Bá · tribute_sent a jugador 8 |
| 44:49 | A Bá · tribute_sent a jugador 1 |
| 44:49 | A Bá · tribute_sent a jugador 2 |
| 44:49 | A Bá · tribute_sent a jugador 3 |
| 44:49 | A Bá · tribute_sent a jugador 4 |
| 44:49 | A Bá · tribute_sent a jugador 6 |
| 44:49 | A Bá · tribute_sent a jugador 7 |
| 44:49 | A Bá · tribute_sent a jugador 8 |
| 45:04 | A Bá · first_market_sell 100 stone |
| 45:06 | A Bá · first_market_buy 100 food |
| 47:03 | A Bá · tribute_sent a jugador 1 |
| 47:03 | A Bá · tribute_sent a jugador 2 |
| 47:03 | A Bá · tribute_sent a jugador 3 |
| 47:03 | A Bá · tribute_sent a jugador 4 |
| 47:03 | A Bá · tribute_sent a jugador 6 |
| 47:03 | A Bá · tribute_sent a jugador 7 |
| 47:03 | A Bá · tribute_sent a jugador 8 |
| 49:57 | A Bá · tribute_sent a jugador 1 |
| 49:57 | A Bá · tribute_sent a jugador 2 |
| 49:57 | A Bá · tribute_sent a jugador 3 |
| 49:57 | A Bá · tribute_sent a jugador 4 |
| 49:57 | A Bá · tribute_sent a jugador 6 |
| 49:57 | A Bá · tribute_sent a jugador 7 |
| 49:57 | A Bá · tribute_sent a jugador 8 |
| 50:18 | 香港招商局陳局長 · tribute_sent a jugador 1 |
| 50:18 | 香港招商局陳局長 · tribute_sent a jugador 2 |
| 50:18 | 香港招商局陳局長 · tribute_sent a jugador 3 |
| 50:18 | 香港招商局陳局長 · tribute_sent a jugador 4 |
| 50:18 | 香港招商局陳局長 · tribute_sent a jugador 5 |
| 50:18 | 香港招商局陳局長 · tribute_sent a jugador 7 |
| 50:18 | 香港招商局陳局長 · tribute_sent a jugador 8 |
| 57:52 | 王老吉字花檔 · wall_segment Stone Wall x18 |
| 60:27 | 香港招商局陳局長 · tribute_sent a jugador 1 |
| 60:27 | 香港招商局陳局長 · tribute_sent a jugador 2 |
| 60:27 | 香港招商局陳局長 · tribute_sent a jugador 3 |
| 60:27 | 香港招商局陳局長 · tribute_sent a jugador 4 |
| 60:27 | 香港招商局陳局長 · tribute_sent a jugador 5 |
| 60:27 | 香港招商局陳局長 · tribute_sent a jugador 7 |
| 60:27 | 香港招商局陳局長 · tribute_sent a jugador 8 |
| 64:03 | 王老吉字花檔 · wall_segment Stone Wall x5 |
| 65:02 | 王老吉字花檔 · wall_segment Stone Wall x1 |
| 65:04 | 王老吉字花檔 · wall_segment Stone Wall x1 |
| 65:06 | 王老吉字花檔 · wall_segment Stone Wall x1 |
| 65:08 | 王老吉字花檔 · wall_segment Stone Wall x1 |
| 65:12 | 王老吉字花檔 · wall_segment Stone Wall x1 |
| 65:13 | 王老吉字花檔 · wall_segment Stone Wall x1 |
| 65:16 | 王老吉字花檔 · wall_segment Stone Wall x6 |
[ AI ANALYSIS · 1 CREDIT ]
What really happened in this match?
Wolo.gg analyzes every decision: build order, eco, micro, common mistakes by bracket. Personalized analysis on WhatsApp or Discord in 30 seconds.
Civ guide
Mapuche
Perfil
铁证如山王洪文